 Zot Defence DCSS version 0.15.2 (webtiles) character file.

963 blackwizard the Caller (level 7, 0/65 HPs)
             Began as a Troll Summoner on May 26, 2017.
             Slain by a quokka (3 damage)
             ... in the Realm of Zot (Scenario III: Two or Three?).
             The game lasted 00:06:25 (798 turns).

blackwizard the Caller (Troll Summoner)              Turns: 798, Time: 00:06:25

HP   0/65        AC  5     Str 19      XL: 7   Next: 92%
MP   0/9         EV 11     Int 11      God:
Gold 0           SH  0     Dex 10      Spells:  1 memorised, 10 levels left

rFire  . . .     SeeInvis .     k - +0 war axe
rCold  . . .     Clarity  .     a - +0 robe (curse)
rNeg   . . .     rCorr    .     (shield restricted)
rPois  .         rRot     .     (helmet restricted)
rElec  .         Spirit   .     (no cloak)
SustAb .         Warding  .     (gloves unavailable)
rMut   .         Stasis   .     (boots unavailable)
Gourm  +                        (no amulet)
MR     .....                    (no ring)
                                (no ring)

@: very slightly contaminated, not resistant to hostile enchantments, very
unstealthy
A: unfitting armour, claws 3, fast metabolism 3, gourmand, regeneration 2,
saprovore 2, shaggy fur 1, tough skin 2
a: Make oklob sapling, Make arrow trap, Make plant, Remove Curse, Make burning
bush, Make altar, Make grenades, Make oklob plant


You were in the Realm of Zot.
You were not hungry.

You visited 1 branch

Inventory:

Hand weapons
 j - a +0 club
 k - a +0 war axe (weapon)
Armour
 a - a cursed +0 robe (worn)
Comestibles
 d - 2 meat rations
Scrolls
 i - a scroll of blinking
Potions
 f - a potion of haste
 g - 2 potions of magic
 h - a potion of berserk rage
Books
 b - a book of Callings

   Spells                             Type                      Level
   *Summon Small Mammal               Summoning                    1
   Call Imp                           Summoning                    2
   Call Canine Familiar               Summoning                    3
   Summon Guardian Golem              Hexes/Summoning              4
   Summon Lightning Spire             Summoning/Air                4
   Summon Ice Beast                   Ice/Summoning                4


   Skills:
 + Level 2.0 Fighting
 + Level 0.7(1.0) Axes
 + Level 1.0(1.2) Maces & Flails
 + Level 4.0 Dodging
 - Level 1.1 Stealth
 + Level 1.7 Unarmed Combat
 + Level 2.8 Spellcasting
 + Level 5.1 Summonings


You had 10 spell levels left.
You knew the following spells:

 Your Spells              Type           Power        Failure   Level  Hunger
a - Summon Small Mammal   Summ           ##..         3%          1    #......


Dungeon Overview and Level Annotations

Branches:
    Zot (1/1)

Altars:

Annotations:
Zot Prince Ribbit


Innate Abilities, Weirdness & Mutations

You are too large for most types of armour.
You have claws for hands.
Your metabolism is lightning-fast.
You like to eat raw meat.
You heal very quickly.
You can eat rotten meat.
You are covered in fur (AC +1).
You have very tough skin (AC +2).


Message History

The green rat bites you.
* * * LOW HITPOINT WARNING * * *
Your rat barely misses the quokka.
The green rat closely misses you. The green rat bites you.
* * * LOW HITPOINT WARNING * * *
Your rat closely misses the quokka.
You slash the green rat!
You kill the green rat!
Your Fighting skill increases to level 2!
You barely miss the green rat. You closely miss the quokka.
The quokka is lightly wounded.
You closely miss the green rat.
The green rat is heavily wounded.
You closely miss the bat. Your bat hits the rat. Your bat hits the quokka.
Your rat misses the quokka. The quokka bites you.
* * * LOW HITPOINT WARNING * * *
The green rat bites you.
* * * LOW HITPOINT WARNING * * *
Your rat bites the green rat.
The quokka bites you.
You die...

▓...▓ ▓▓...▓▓ ▓▓.....▓▓
▓▓▓.......▓ ▓▓▓▓▓..........
▓▓▓▓▓▓▓▓▓▓▓▓▓▓▓▓▓▓▓.........0....
..............rl▓▓...▓▓..........
...............rb▓..▓▓▓▓▓.......▓
............b.rr@▓..▓ ▓▓.....▓▓
..............rrr▓..▓ ▓▓...▓▓
................l▓..▓ ▓...▓
...........▓▓...r▓..▓ ▓▓.▓▓
............▓▓..F▓..▓ ▓.▓
............▓▓...▓..▓▓▓▓▓▓▓▓.▓▓▓▓
▓▓▓▓▓.......▓▓...▓▓..............
▓▓▓...l.▓▓.....▓.............
▓▓▓.r.▓▓▓....▓.............


You could see Prince Ribbit, 2 iguanas, 3 green rats, 2 quokkas, a bat, a rat, a
friendly bat and 2 friendly rats.

Vanquished Creatures
  Menkaure (Zot)
  A big kobold (Zot)
  A worker ant (Zot)
  5 hounds (Zot)
  5 green rats (Zot)
  3 adders (Zot)
  2 orcs (Zot)
  3 bats (Zot)
  3 goblins (Zot)
  2 jackals (Zot)
  A quokka (Zot)
  A ball python (Zot)
  A giant newt (Zot)
  10 kobolds (Zot)
  9 rats (Zot)
48 creatures vanquished.

Vanquished Creatures (collateral kills)
  4 goblins (Zot)
  2 ball pythons (Zot)
  4 bats (Zot)
  A giant newt (Zot)
  3 kobolds (Zot)
  2 rats (Zot)
16 creatures vanquished.

Vanquished Creatures (others)
  7 bats (Zot)
  6 quokkas (Zot)
  15 rats (Zot)
28 creatures vanquished.

Grand Total: 92 creatures vanquished

Notes
Turn   | Place    | Note
--------------------------------------------------------------
     0 | Zot      | blackwizard, the Troll Summoner, began the quest for the Orb.
     0 | Zot      | Reached XP level 1. HP: 16/16 MP: 2/2
   191 | Zot      | Reached skill level 3 in Summonings
   214 | Zot      | Reached XP level 2. HP: 24/24 MP: 1/2
   234 | Zot      | Noticed Beshraog
   284 | Zot      | Killed Beshraog the big kobold
   284 | Zot      | Reached skill level 1 in Unarmed Combat
   284 | Zot      | Reached skill level 4 in Summonings
   284 | Zot      | Reached XP level 3. HP: 29/32 MP: 4/4
   284 | Zot      | Reached XP level 4. HP: 36/40 MP: 4/4
   284 | Zot      | Reached XP level 5. HP: 41/46 MP: 4/4
   556 | Zot      | Noticed Menkaure
   642 | Zot      | Reached skill level 1 in Fighting
   642 | Zot      | Reached XP level 6. HP: 52/55 MP: 4/6
   644 | Zot      | Noticed Prince Ribbit
   680 | Zot      | Killed Menkaure
   680 | Zot      | Reached XP level 7. HP: 62/62 MP: 6/8
   716 | Zot      | Reached skill level 1 in Maces & Flails
   723 | Zot      | Reached skill level 5 in Summonings
   798 | Zot      | HP: 3/65 [green rat (4)]
   798 | Zot      | Slain by a quokka

Action                   |  1- 3 |  4- 6 |  7- 9 || total
-------------------------+-------+-------+-------++-------
Melee: Unarmed           |    43 |    17 |       ||    60
       Club              |       |   170 |       ||   170
       War axe           |       |    19 |    53 ||    72
 Cast: Summon Small Mamm |     5 |    20 |    18 ||    43
  Use: Potion            |       |       |     4 ||     4
